[Event "Titled Tuesday Blitz February 07 Late 2023"]
[White "Zhigalko, Sergei"]
[Black "Perske, Thore"]
[WhiteFideId "13502956"]
[BlackFideId "12902195"]
[WhiteElo "2572"]
[BlackElo "2448"]
[Result "1-0"]
[Round "11"]
[TimeControl "180+2"]
[Date "2023.02.07"]
[WhiteClock "0:00:11"]
[BlackClock "0:00:09"]

1. e4 e6 2. d4 d5 3. e5 c5 4. c3 Qb6 5. Nf3 Bd7 6. Be2 Bb5 7. Bxb5+ Qxb5 8. a4 Qb6 9. dxc5 Bxc5 10. b4 Bf8 11. a5 Qa6 12. Nd4 Qc4 13. Bb2 Nd7 14. Na3 Qc7 15. f4 a6 16. O-O Ne7 17. Nab5 axb5 18. Nxb5 Qc6 19. Nd6+ Kd8 20. Nxf7+ Kc7 21. Nxh8 Nf5 22. Qd3 Bc5+ 23. bxc5 Nxc5 24. Qf3 Rxh8 25. c4 dxc4 26. Rac1 Nd3 27. Rc2 Qc5+ 28. Kh1 Ne3 29. Ba3 Qd4 30. Bd6+ Kc8 31. a6 bxa6 32. Qc6+ Kd8 33. Qc7+ Ke8 34. Qe7# 1-0


[Site "https://www.chess.com"]

[Event "Titled Tuesday Blitz February 07 Late 2023"]
[White "Chigaev, Maksim"]
[Black "Fernandez Guillen, Ernesto J."]
[WhiteFideId "4108116"]
[BlackFideId "3512428"]
[WhiteElo "2628"]
[BlackElo "2477"]
[Result "1/2-1/2"]
[Round "11"]
[TimeControl "180+2"]
[Date "2023.02.07"]
[WhiteClock "0:00:04"]
[BlackClock "0:00:04"]

1. e4 e5 2. Nf3 Nc6 3. d4 exd4 4. Nxd4 g6 5. Nc3 Bg7 6. Be3 Nge7 7. Bc4 O-O 8. Qd2 Ne5 9. Be2 d5 10. Bh6 dxe4 11. Bxg7 Kxg7 12. O-O-O Qd6 13. Nxe4 Qb6 14. Qc3 f6 15. Qc5 Re8 16. Rhe1 Bf5 17. Nxf5+ gxf5 18. Qxb6 axb6 19. Nc3 f4 20. a3 c6 21. Bh5 Red8 22. Rxd8 Rxd8 23. g3 fxg3 24. hxg3 Nf5 25. f4 Ng6 26. g4 Nd6 27. f5 Ne5 28. Ne2 h6 29. Nf4 Rd7 30. Ne6+ Kg8 31. Rd1 Ne4 32. Rxd7 Nxd7 33. Nd8 Nd6 34. Kd2 Kf8 35. b3 Ke7 36. Ne6 Ne5 37. Ke3 b5 38. Nf4 Nc8 39. Kd4 Kd6 40. Ke4 b6 41. Ng6 Ne7 42. Nxe5 fxe5 43. f6 Nd5 44. f7 Ke7 45. Kxe5 Ne3 46. f8=Q+ Kxf8 47. Kd6 Nxc2 48. Kxc6 Nxa3 49. Kxb6 b4 50. Kc5 Ke7 51. Kxb4 Nc2+ 52. Kc5 Ne3 53. b4 Kd7 54. b5 Kc7 55. b6+ Kb7 56. Kb5 Nd5 57. g5 Nc3+ 58. Kc4 hxg5 59. Kxc3 Kxb6 60. Kd3 g4 61. Bxg4 1/2-1/2


[Site "https://www.chess.com"]

[Event "Titled Tuesday Blitz February 07 Late 2023"]
[White "Baskakov, Egor"]
[Black "Salimova, Nurgyul"]
[WhiteFideId "24197866"]
[BlackFideId "2915138"]
[WhiteElo "2215"]
[BlackElo "2391"]
[Result "1-0"]
[Round "11"]
[TimeControl "180+2"]
[Date "2023.02.07"]
[WhiteClock "0:00:12"]
[BlackClock "0:00:01"]

1. e4 c6 2. d4 d5 3. e5 Bf5 4. Ne2 e6 5. Ng3 Bg6 6. h4 h6 7. h5 Bh7 8. Bd3 Bxd3 9. cxd3 Nd7 10. Be3 Bb4+ 11. Nc3 Ne7 12. Qg4 Qa5 13. O-O Rg8 14. Rfc1 Qa6 15. Rd1 g5 16. a3 Bxc3 17. bxc3 c5 18. dxc5 Nxe5 19. Qe2 N5c6 20. Bd4 Nxd4 21. cxd4 Qa4 22. Rab1 Qxd4 23. Rxb7 Qxc5 24. Qe5 Rc8 25. Qf6 Rc7 26. Rb8+ Nc8 27. Qxh6 Qc2 28. Re1 Qd2 29. Rbb1 Qxd3 30. Qf6 Qc3 31. Re5 Qc2 32. Rbe1 Ne7 33. Rxg5 Qc3 34. Rge5 Qc4 35. h6 Ng6 36. h7 Rh8 37. Rxe6+ fxe6 38. Qxg6+ Rf7 39. Qxe6+ Kf8 40. Qh6+ Rg7 41. Nf5 Qc3 42. Qd6+ Kf7 43. Re7+ Kf8 44. Qd8# 1-0


[Site "https://www.chess.com"]

[Event "Titled Tuesday Blitz February 07 Late 2023"]
[White "Darini, Pouria"]
[Black "Harvey, Marcus R"]
[WhiteFideId "12502200"]
[BlackFideId "400092"]
[WhiteElo "2401"]
[BlackElo "2462"]
[Result "0-1"]
[Round "11"]
[TimeControl "180+2"]
[Date "2023.02.07"]
[WhiteClock "0:00:03"]
[BlackClock "0:00:34"]

1. e4 c5 2. Nf3 d6 3. d4 cxd4 4. Nxd4 Nf6 5. Nc3 a6 6. a4 e5 7. Nf3 Be7 8. Bc4 Be6 9. Bb3 Nbd7 10. Bg5 Rc8 11. O-O Nc5 12. Bxf6 Bxf6 13. Bd5 O-O 14. Qe2 Qb6 15. Ra2 Bd8 16. Rd1 Bxd5 17. Nxd5 Qc6 18. a5 Ne6 19. c3 f5 20. Nd2 Kh8 21. f3 Bg5 22. Nb3 Rf7 23. Raa1 Rcf8 24. Nb4 Qc7 25. Nd5 Qd8 26. Rd3 Qc8 27. Nb6 Qc6 28. Nd5 Bd8 29. Rad1 Qa4 30. Nd2 Nc5 31. b4 Nxd3 32. Nc4 fxe4 0-1


[Site "https://www.chess.com"]

[Event "Titled Tuesday Blitz February 07 Late 2023"]
[White "Boros, Denes"]
[Black "Cardoso Cardoso, Jose Gabriel"]
[WhiteFideId "722340"]
[BlackFideId "4430492"]
[WhiteElo "2406"]
[BlackElo "2492"]
[Result "1/2-1/2"]
[Round "11"]
[TimeControl "180+2"]
[Date "2023.02.07"]
[WhiteClock "0:00:09"]
[BlackClock "0:00:03"]

1. e4 c5 2. Nf3 g6 3. Nc3 Bg7 4. g3 Nc6 5. Bg2 d6 6. Rb1 e5 7. a3 Nge7 8. b4 O-O 9. O-O b6 10. d3 h6 11. Nd2 Be6 12. Nd5 Rc8 13. b5 Nb8 14. Nc4 f5 15. f4 Kh7 16. Bb2 Bxd5 17. exd5 exf4 18. gxf4 Ng8 19. Re1 Bxb2 20. Rxb2 Rc7 21. Re6 Rd7 22. Qf3 Ne7 23. c3 Nc8 24. Rbe2 Rdf7 25. Qg3 Rf6 26. R6e3 Nd7 27. a4 R6f7 28. Bf3 Nf6 29. Re6 Re8 30. Qe1 Ref8 31. Rg2 Qd7 32. Qe3 Qd8 33. Kh1 Rg7 34. Qe1 Rgf7 35. Rg3 Rg7 36. Rh3 h5 37. Rg3 Ng4 38. h3 Nf6 39. Rg5 Rgf7 40. Qh4 Rg7 41. Kg2 Kg8 42. Qg3 Kh7 43. Ne3 Qd7 44. Kf2 Qf7 45. Nc4 Re8 46. Nxd6 Nxd6 47. Rxd6 Qf8 48. Rc6 Qe7 49. Re6 Qd8 50. Rxe8 Qxe8 51. Qg1 Qd8 52. c4 Qd6 53. Qc1 Re7 54. Qd2 Ne4+ 55. dxe4 fxe4 56. Qe3 exf3 57. Qxf3 Qf6 58. Re5 Rxe5 59. fxe5 Qxe5 60. Qd3 Qh2+ 61. Ke1 Qg1+ 62. Kd2 Qf2+ 63. Kc3 Qe1+ 64. Kb2 Qb4+ 65. Kc1 Qe1+ 66. Qd1 Qc3+ 67. Kb1 Qb4+ 68. Ka2 Qxc4+ 69. Kb2 Qb4+ 70. Ka2 Qc4+ 71. Kb1 Qb4+ 72. Ka1 Qa3+ 73. Kb1 Qb4+ 74. Ka2 Qc4+ 1/2-1/2


[Site "https://www.chess.com"]

[Event "Titled Tuesday Blitz February 07 Late 2023"]
[White "Goroshkov, Maksym"]
[Black "Gadimbayli, Abdulla"]
[WhiteFideId "14142716"]
[BlackFideId "13404938"]
[WhiteElo "2287"]
[BlackElo "2500"]
[Result "0-1"]
[Round "11"]
[TimeControl "180+2"]
[Date "2023.02.07"]
[WhiteClock "0:00:16"]
[BlackClock "0:00:26"]

1. e4 e5 2. d4 exd4 3. c3 d5 4. exd5 Qxd5 5. cxd4 Nc6 6. Nf3 Bg4 7. Be2 Bb4+ 8. Nc3 Nf6 9. O-O Bxc3 10. bxc3 O-O 11. h3 Bh5 12. c4 Qd6 13. d5 Ne5 14. Bb2 Bxf3 15. Bxf3 Nxc4 16. Bc3 Ne5 17. Bxe5 Qxe5 18. Re1 Qd6 19. Qb3 Rab8 20. Rac1 Rfd8 21. Qc4 Rd7 22. Qa4 a6 23. Qb3 h6 24. Re3 Re7 25. Rxe7 Qxe7 26. Qc4 Ne8 27. Qc3 Rd8 28. Qb3 Nd6 29. Qc3 Nb5 30. Qc4 Qa3 31. Rc2 Qd6 32. Rc1 Qa3 33. Rc2 Rd7 34. Re2 Re7 35. Rxe7 Qxe7 36. a4 Nd6 37. Qc3 Kf8 38. g3 f5 39. h4 Ke8 40. Qb4 Kd8 41. Qc3 Kc8 42. Kg2 Kb8 43. Qd4 a5 44. Qc5 b6 45. Qc3 g5 46. Qh8+ Kb7 47. Qxh6 g4 48. Bd1 Qe4+ 49. Kh2 Qd4 50. Qf4 Qxd1 51. h5 Ne4 52. d6 Nd2 53. d7 Nf3+ 54. Qxf3+ gxf3 0-1


[Site "https://www.chess.com"]

[Event "Titled Tuesday Blitz February 07 Late 2023"]
[White "Bolourchifard, Farzad"]
[Black "Ozates, Tuna"]
[WhiteFideId "12510084"]
[BlackFideId "6354521"]
[WhiteElo "2292"]
[BlackElo "2251"]
[Result "1-0"]
[Round "11"]
[TimeControl "180+2"]
[Date "2023.02.07"]
[WhiteClock "0:00:08"]
[BlackClock "0:00:03"]

1. e4 e5 2. Nf3 Nc6 3. Bc4 Bc5 4. O-O Nf6 5. d3 d6 6. c3 a6 7. Bb3 Ba7 8. Re1 h6 9. Nbd2 Ne7 10. Nf1 Ng6 11. Ng3 O-O 12. h3 Be6 13. d4 Re8 14. Bxe6 Rxe6 15. Qb3 exd4 16. Nxd4 Bxd4 17. cxd4 c5 18. d5 Re8 19. Qxb7 Qa5 20. Be3 Rab8 21. Qc6 Rb6 22. Qc7 Re7 23. Qc8+ Re8 24. Qf5 Rxb2 25. Bxh6 Rxa2 26. Rab1 Re5 27. Qc8+ Kh7 28. Be3 Nxe4 29. Nxe4 Rxe4 30. Qf5 Re5 31. Qxf7 Qd8 32. Rb7 Qf8 33. Qd7 Rxe3 34. Rf1 Re7 35. Qc6 Rxb7 36. Qxb7 Qf5 37. Qc6 Qe5 38. Qa8 Nf4 39. Qd8 Qe4 40. Qh4+ Kg8 41. Qd8+ Kf7 42. Qd7+ Kg6 43. Qg4+ Kf6 44. Qh4+ g5 45. Qh6+ Ng6 46. Qh7 Re2 47. Qd7 Re1 48. Qxd6+ Kg7 49. Qxc5 Rxf1+ 50. Kxf1 Nf4 51. Qc3+ Kg6 52. Qc6+ Kh5 53. g4+ Kh4 54. Qh6+ Nh5 55. Qxh5# 1-0


[Site "https://www.chess.com"]

[Event "Titled Tuesday Blitz February 07 Late 2023"]
[White "Dubov, Daniil"]
[Black "Kalogeris, Ioannis"]
[WhiteFideId "24126055"]
[BlackFideId "4239563"]
[WhiteElo "2708"]
[BlackElo "2423"]
[Result "1/2-1/2"]
[Round "11"]
[TimeControl "180+2"]
[Date "2023.02.07"]
[WhiteClock "0:01:53"]
[BlackClock "0:00:44"]

1. e4 e5 2. f4 d5 3. exd5 e4 4. d3 Nf6 5. dxe4 Nxe4 6. Bb5+ c6 7. Qe2 f5 8. dxc6 bxc6 9. Bd3 Bc5 10. Nf3 O-O 11. Be3 Nd7 12. Bc4+ Kh8 13. O-O Qb6 14. Bxc5 Ndxc5 15. Kh1 Qxb2 16. Ne5 Qxa1 17. Qh5 Be6 18. Nd2 Qd4 19. Rf3 Nf2+ 20. Rxf2 Qxf2 21. Ng6+ Kg8 22. Ne7+ Kh8 23. Ng6+ Kg8 24. Bxe6+ Nxe6 25. Ne7+ Kh8 26. Ng6+ Kg8 27. Ne7+ Kh8 28. Ng6+ Kg8 1/2-1/2


[Site "https://www.chess.com"]

[Event "Titled Tuesday Blitz February 07 Late 2023"]
[White "Makridis, Dimitrios"]
[Black "Duda, Jan-Krzysztof"]
[WhiteFideId "25864475"]
[BlackFideId "1170546"]
[WhiteElo "2356"]
[BlackElo "2724"]
[Result "1/2-1/2"]
[Round "11"]
[TimeControl "180+2"]
[Date "2023.02.07"]
[WhiteClock "0:00:07"]
[BlackClock "0:00:04"]

1. e4 g6 2. d4 d6 3. Nc3 a6 4. f4 h6 5. Nf3 b6 6. Bd3 e6 7. O-O c6 8. Qe2 f6 9. f5 g5 10. fxe6 Bxe6 11. e5 fxe5 12. dxe5 d5 13. Nd4 Bc5 14. Be3 Bxd4 15. Bxd4 c5 16. Bg6+ Kd7 17. Bf5 Bxf5 18. Rxf5 Kc6 19. e6 Ne7 20. Rxd5 Nxd5 21. Bxh8 Qxh8 22. Rd1 Nxc3 23. Qf3+ Kc7 24. bxc3 Qe5 25. Qxa8 Qe3+ 26. Kh1 Qxe6 27. Qa7+ Kc8 28. Rf1 Qd6 29. a4 a5 30. h3 Nd7 31. Qa8+ Kc7 32. c4 Qd4 33. Qa7+ Kd6 34. Qb7 h5 35. Qf3 g4 36. hxg4 hxg4 37. Qg3+ Kc6 38. Rf4 Qa1+ 39. Kh2 Qxa4 40. Qxg4 Qxc2 41. Qe6+ Kc7 42. Rf7 Qd2 43. Qe5+ Kc6 44. Qe4+ Kc7 45. Qf4+ Qxf4+ 46. Rxf4 a4 47. g4 Ne5 48. g5 Kd6 49. Kg3 a3 50. Rf6+ Kc7 51. Rf2 Kd7 52. Ra2 Nxc4 53. g6 Ke7 54. Rf2 a2 55. Rxa2 Kf6 56. Kf4 Kxg6 57. Rh2 Kf6 58. Ke4 Ke6 59. Rh6+ Kd7 60. Kd5 Ne3+ 61. Ke4 Nc4 62. Kd5 Ne3+ 63. Ke4 Nc2 64. Rxb6 Nb4 65. Rh6 Kc7 66. Ke3 Nd5+ 67. Kd3 Nb6 68. Kc3 Kb7 69. Rh5 Kc6 70. Rh6+ Kb5 71. Kd3 Nd5 72. Ke4 Kc4 73. Ke5 Nb4 74. Rh4+ Kd3 75. Kd6 c4 76. Kc5 Na6+ 77. Kb5 Nc7+ 78. Kb4 Nd5+ 79. Kc5 Ne3 80. Rd4+ Kc3 81. Re4 Kd2 82. Kd4 c3 83. Rxe3 c2 84. Rd3+ Ke2 85. Rc3 Kd2 86. Rxc2+ Kxc2 1/2-1/2


[Site "https://www.chess.com"]

[Event "Titled Tuesday Blitz February 07 Late 2023"]
[White "Dourerassou, Jonathan"]
[Black "Deac, Bogdan-Daniel"]
[WhiteFideId "628050"]
[BlackFideId "1226380"]
[WhiteElo "2414"]
[BlackElo "2700"]
[Result "1-0"]
[Round "11"]
[TimeControl "180+2"]
[Date "2023.02.07"]
[WhiteClock "0:00:40"]
[BlackClock "0:00:02"]

1. e4 c6 2. Nc3 d5 3. Nf3 dxe4 4. Nxe4 Nf6 5. Qe2 Na6 6. c3 Bg4 7. Nxf6+ gxf6 8. Qe4 Qd7 9. d4 Nc7 10. Be2 Bf5 11. Qh4 Rg8 12. O-O Ne6 13. h3 h6 14. Re1 Ng5 15. Nxg5 hxg5 16. Qg3 e6 17. Bg4 Bd6 18. Qf3 O-O-O 19. Be3 Bxg4 20. hxg4 f5 21. d5 exd5 22. Qxf5 Qxf5 23. gxf5 Kc7 24. g4 Rh8 25. Kg2 Rh4 26. Kf3 Rh3+ 27. Kg2 Rh2+ 28. Kf3 f6 29. Rh1 Rdh8 30. Rxh2 Rxh2 31. Bd4 Be5 32. Re1 Kd6 33. Bxa7 1-0


[Site "https://www.chess.com"]

[Event "Titled Tuesday Blitz February 07 Late 2023"]
[White "Makhnev, Denis"]
[Black "Koziorowicz, Michal"]
[WhiteFideId "13707647"]
[BlackFideId "21809194"]
[WhiteElo "2483"]
[BlackElo "2307"]
[Result "1-0"]
[Round "11"]
[TimeControl "180+2"]
[Date "2023.02.07"]
[WhiteClock "0:00:04"]
[BlackClock "0:00:13"]

1. d4 Nf6 2. c4 e6 3. Nf3 c5 4. d5 b5 5. dxe6 fxe6 6. cxb5 d5 7. e3 Bd6 8. b3 O-O 9. Bb2 Nbd7 10. a4 Bb7 11. Nbd2 e5 12. e4 dxe4 13. Ng5 e3 14. fxe3 Nd5 15. Nde4 Bc7 16. Bc4 Ba5+ 17. Bc3 Bxc3+ 18. Nxc3 Qxg5 19. Bxd5+ Bxd5 20. Qxd5+ Kh8 21. O-O-O Nb6 22. Qe4 Rf2 23. a5 Qxg2 24. Qxg2 Rxg2 25. axb6 axb6 26. Na4 h5 27. Kb1 c4 28. Nxb6 Ra3 29. Nxc4 Rxb3+ 30. Ka1 Rxb5 31. Rd2 Rg6 32. Rb2 Rc5 33. Nd2 Rc3 34. Re1 Rg4 35. Nf3 Re4 36. Rbe2 Rb4 37. Nxe5 Kh7 38. Rb2 Ra3+ 39. Kb1 Rba4 40. Kc2 Re4 41. Nd3 Rh4 42. Kd2 Rxh2+ 43. Re2 Rh1 44. Rc2 h4 45. Ne5 Ra5 46. Nf3 Rf5 47. Nd4 Rf8 48. Kd3 g5 49. Rh2 Rd1+ 50. Ke4 Re8+ 51. Kf3 Kg6 52. Rc6+ Kh5 53. Nf5 Rf1+ 54. Rf2 g4+ 55. Ke2 Rxf2+ 56. Kxf2 Kg5 57. Nd4 Rf8+ 58. Kg2 Re8 59. Rc5+ Kg6 60. Nf5 Kf6 61. Rb5 Rh8 62. Nd4 Re8 63. Rb3 Ke5 64. Ne2 Ke4 65. Nf4 Ra8 66. Rb2 Kxe3 67. Ng6 h3+ 68. Kg3 Ra6 69. Nh4 Ra1 70. Kxg4 Rg1+ 71. Kxh3 Kf4 72. Rf2+ Ke3 73. Rf8 Rg7 74. Nf5+ 1-0


[Site "https://www.chess.com"]

[Event "Titled Tuesday Blitz February 07 Late 2023"]
[White "Gascon Del Nogal, Jose Rafael"]
[Black "Yuan, Qingyu"]
[WhiteFideId "3902463"]
[BlackFideId "8609772"]
[WhiteElo "2459"]
[BlackElo "2373"]
[Result "0-1"]
[Round "11"]
[TimeControl "180+2"]
[Date "2023.02.07"]
[WhiteClock "0:01:30"]
[BlackClock "0:00:40"]

1. e4 e5 2. Nf3 Nc6 3. Bc4 Bc5 4. c3 Nf6 5. d3 O-O 6. O-O d5 7. exd5 Nxd5 8. Re1 Bg4 9. Nbd2 Nb6 10. h3 Bh5 11. Bb3 Qxd3 12. Nxe5 Qf5 13. Nef3 Rfe8 14. g4 Bxg4 15. hxg4 Qxg4+ 16. Kh1 Bxf2 17. Rf1 Bg3 18. Bxf7+ Kh8 19. Bxe8 Qh3+ 20. Kg1 Rxe8 21. Qb3 Re2 0-1


[Site "https://www.chess.com"]

[Event "Titled Tuesday Blitz February 07 Late 2023"]
[White "Gutenev, Alexander"]
[Black "Tari, Aryan"]
[WhiteFideId "4195540"]
[BlackFideId "1510045"]
[WhiteElo "2455"]
[BlackElo "2642"]
[Result "1-0"]
[Round "11"]
[TimeControl "180+2"]
[Date "2023.02.07"]
[WhiteClock "0:01:09"]
[BlackClock "0:00:01"]

1. e4 c6 2. Nf3 d5 3. d3 Qc7 4. Nc3 dxe4 5. Nxe4 Nf6 6. Qe2 Nbd7 7. g3 Nxe4 8. Qxe4 Nf6 9. Qe2 g6 10. Bg2 Bg7 11. Bf4 Qa5+ 12. c3 Nd5 13. Bd2 Qb6 14. O-O-O O-O 15. Ne5 Bf5 16. g4 Be6 17. f4 Qa6 18. a3 Qa4 19. Rhf1 Nc7 20. c4 Na6 21. Bc3 Nc5 22. f5 Bc8 23. d4 Nb3+ 24. Kb1 f6 25. fxg6 fxe5 26. gxh7+ Kh8 27. Rxf8+ Bxf8 28. d5 Nd4 29. Rxd4 exd4 30. Bxd4+ Bg7 31. Bxg7+ Kxg7 32. Qxe7+ Kh8 33. Qf8+ Kxh7 34. Be4+ Bf5 35. Bxf5# 1-0


[Site "https://www.chess.com"]

[Event "Titled Tuesday Blitz February 07 Late 2023"]
[White "Fiorito, Joaquin"]
[Black "Yanchenko, Roman"]
[WhiteFideId "180173"]
[BlackFideId "4137329"]
[WhiteElo "2405"]
[BlackElo "2466"]
[Result "1-0"]
[Round "11"]
[TimeControl "180+2"]
[Date "2023.02.07"]
[WhiteClock "0:00:10"]
[BlackClock "0:00:19"]

1. d4 d5 2. Nc3 Nf6 3. Bf4 g6 4. e3 Bg7 5. h4 c6 6. Be2 h5 7. Nf3 Bg4 8. Ne5 Bxe2 9. Qxe2 Nbd7 10. O-O-O Qa5 11. Kb1 e6 12. f3 Nxe5 13. Bxe5 b5 14. Qd3 b4 15. Ne2 Qb5 16. Nf4 a5 17. Qd2 a4 18. Nd3 b3 19. cxb3 axb3 20. a3 O-O 21. g4 hxg4 22. Bxf6 Bxf6 23. fxg4 Kg7 24. g5 Be7 25. h5 gxh5 26. Nf4 Rg8 27. Rdf1 Bxa3 28. Nxh5+ Kf8 29. g6 Rxg6 30. Nf4 Rh6 31. bxa3 Rxa3 32. Qg2 b2 33. Nxe6+ Ke7 34. Qg5+ f6 35. Qg7+ Kxe6 36. Qg8+ Kd6 37. Qf8+ Kc7 38. Qxa3 Rxh1 39. Rxh1 Qe2 40. Rh7+ Kb6 41. Qc5+ Ka6 42. Ra7# 1-0


[Site "https://www.chess.com"]

[Event "Titled Tuesday Blitz February 07 Late 2023"]
[White "Kosakowski, Jakub"]
[Black "Preotu, Razvan"]
[WhiteFideId "1185080"]
[BlackFideId "2613280"]
[WhiteElo "2485"]
[BlackElo "2475"]
[Result "1-0"]
[Round "11"]
[TimeControl "180+2"]
[Date "2023.02.07"]
[WhiteClock "0:00:31"]
[BlackClock "0:00:10"]

1. d4 Nf6 2. Nf3 g6 3. c4 Bg7 4. g3 O-O 5. Bg2 c6 6. O-O d5 7. Ne5 Nfd7 8. Nxd7 Bxd7 9. cxd5 cxd5 10. Nc3 e6 11. e4 dxe4 12. Nxe4 Bc6 13. Bg5 Qxd4 14. Qxd4 Bxd4 15. Rad1 Bxb2 16. Be7 Rc8 17. Rd2 Bg7 18. Rfd1 Bd5 19. Nd6 Rc7 20. Bg5 Bxg2 21. Kxg2 h6 22. Ne8 Rc8 23. Rd8 Rxd8 24. Rxd8 hxg5 25. Nf6# 1-0


[Site "https://www.chess.com"]

[Event "Titled Tuesday Blitz February 07 Late 2023"]
[White "Chor, Kevin"]
[Black "Zierk, Steven"]
[WhiteFideId "2090740"]
[BlackFideId "2034255"]
[WhiteElo "1944"]
[BlackElo "2488"]
[Result "1-0"]
[Round "11"]
[TimeControl "180+2"]
[Date "2023.02.07"]
[WhiteClock "0:00:15"]
[BlackClock "0:00:18"]

1. e4 e6 2. d4 d5 3. Nd2 c5 4. exd5 Qxd5 5. Ngf3 cxd4 6. Bc4 Qd7 7. O-O Nc6 8. Nb3 Nf6 9. Bg5 a6 10. Nfxd4 Nxd4 11. Nxd4 Ne4 12. Bf4 Bc5 13. Nf3 Qxd1 14. Raxd1 b5 15. Bd3 Bb7 16. Rde1 Nf6 17. Be3 Be7 18. Ne5 O-O 19. Bg5 h6 20. Bh4 Rfd8 21. Rd1 g5 22. Bg3 Nh5 23. Rfe1 Kg7 24. c4 b4 25. b3 a5 26. f3 Nxg3 27. hxg3 a4 28. Be4 Bxe4 29. Rxd8 Rxd8 30. Rxe4 Rd1+ 31. Kf2 Bc5+ 32. Ke2 Rg1 33. bxa4 Rxg2+ 34. Kd3 Rxa2 35. Nd7 Ra3+ 36. Kc2 Be7 37. c5 Rc3+ 38. Kd2 Rxf3 39. Rxb4 Rxg3 40. Rc4 Bd8 41. c6 Bc7 42. Nc5 Bf4+ 43. Ke2 Rg2+ 44. Kf3 Rg3+ 45. Ke4 f5+ 46. Kd4 Kf6 47. Nd3 e5+ 48. Kc5 Be3+ 49. Kd6 Bb6 50. Nxe5 Bc7+ 51. Kxc7 Kxe5 52. Kd7 Rd3+ 53. Ke7 Kd5 54. Rc1 Re3+ 55. Kf7 Rb3 56. c7 Rb7 57. Kg6 Rxc7 58. Rxc7 f4 59. Kxh6 f3 60. Kxg5 f2 61. Rf7 1-0


[Site "https://www.chess.com"]

[Event "Titled Tuesday Blitz February 07 Late 2023"]
[White "Urazayev, Arystanbek"]
[Black "Ismagilov, Damir"]
[WhiteFideId "13709810"]
[BlackFideId "34199982"]
[WhiteElo "2460"]
[BlackElo "2156"]
[Result "1/2-1/2"]
[Round "11"]
[TimeControl "180+2"]
[Date "2023.02.07"]
[WhiteClock "0:00:07"]
[BlackClock "0:00:09"]

1. e4 c5 2. Nf3 a6 3. c3 d5 4. exd5 Qxd5 5. d4 e6 6. Be3 cxd4 7. cxd4 Bb4+ 8. Nc3 Qa5 9. Rc1 Nf6 10. Bd3 b5 11. O-O Bb7 12. a3 Bxc3 13. Rxc3 Nbd7 14. Bd2 Qb6 15. Rc1 O-O 16. Re1 Rac8 17. Qe2 Rxc1 18. Rxc1 Rc8 19. Rd1 h6 20. h3 Bd5 21. Ne5 Qb7 22. f3 Bb3 23. Re1 Bc2 24. Ng4 Nxg4 25. hxg4 Bxd3 26. Qxd3 Qd5 27. Bc3 Nb6 28. Re5 Qc4 29. Qxc4 Rxc4 30. Rc5 Nd5 31. Rxc4 bxc4 32. Bd2 Kf8 33. Kf1 Ke7 34. Ke2 Kd7 35. Kd1 Kc6 36. Kc2 Ne7 37. Bb4 Ng6 38. g3 Kd5 39. Bc3 Ne7 40. b3 f5 41. bxc4+ Kxc4 42. Bb4 Nd5 43. Bf8 fxg4 44. fxg4 Ne3+ 45. Kd2 Nxg4 46. Bxg7 h5 47. Ke2 a5 48. Kf3 Kb3 49. Bf8 Kc4 50. Ke4 Nf6+ 51. Kf4 Kxd4 52. Bg7 e5+ 53. Kf5 Ng4 54. Kg5 Ke4 55. Kxh5 Kf3 56. Kh4 e4 57. a4 e3 58. Bc3 e2 59. Bxa5 Ne3 60. Bd2 Nf5+ 61. Kh3 Nxg3 62. a5 Ne4 63. Be1 Nc5 64. Kh4 Kg2 65. Kg4 Kf1 66. Bd2 Nb3 67. Bc3 Nxa5 68. Bxa5 e1=Q 69. Bxe1 1/2-1/2


[Site "https://www.chess.com"]

[Event "Titled Tuesday Blitz February 07 Late 2023"]
[White "Maltsevskaya, Aleksandra"]
[Black "Timmermans, Mark"]
[WhiteFideId "24174041"]
[BlackFideId "1026399"]
[WhiteElo "2390"]
[BlackElo "2392"]
[Result "0-1"]
[Round "11"]
[TimeControl "180+2"]
[Date "2023.02.07"]
[WhiteClock "0:00:11"]
[BlackClock "0:00:22"]

1. Nf3 Nf6 2. g3 e6 3. Bg2 d5 4. O-O Be7 5. d3 O-O 6. Nbd2 b5 7. e4 Bb7 8. exd5 Bxd5 9. a4 b4 10. Nc4 a5 11. Qe2 Nbd7 12. Rd1 c5 13. Bf4 Nb6 14. Nxb6 Qxb6 15. c4 Bb7 16. b3 Rad8 17. Rd2 h6 18. Rad1 Bd6 19. Be3 Ng4 20. d4 Nxe3 21. Qxe3 Be7 22. d5 Rd6 23. Ne5 Bf6 24. f4 exd5 25. Bxd5 Bxd5 26. Rxd5 Rfd8 27. Qe4 Bxe5 28. Qxe5 Rxd5 29. Rxd5 Rxd5 30. Qxd5 Qf6 31. Qxc5 Qa1+ 32. Kg2 Qb2+ 33. Kh3 Qxb3 34. Qc8+ Kh7 35. Qf5+ Kg8 36. c5 Qc4 37. Qc8+ Kh7 38. c6 b3 39. c7 b2 40. Qf5+ g6 41. c8=Q Qxc8 42. Qxc8 b1=Q 43. Qc7 Qf5+ 44. Kg2 h5 45. Qc4 Qd7 46. Qb5 Qd2+ 47. Kg1 Qb4 48. Kg2 Qd2+ 49. Kg1 Kg8 50. Qb8+ Kg7 51. Qb5 Qb4 52. Kg2 Qc3 53. Kf2 h4 54. Kg2 hxg3 55. hxg3 Qd2+ 56. Kg1 Kf8 57. Kf1 Ke7 58. Qe5+ Kd7 59. Qb5+ Kd6 60. Qe5+ Kd7 61. Qb5+ Kc7 62. Qc5+ Kd8 63. Qb6+ Ke7 64. Qb7+ Kf6 65. Qb5 Qc3 66. Qg5+ Ke6 67. Kg2 Qc2+ 68. Kg1 Qxa4 69. Qe5+ Kd7 70. Qd5+ Ke7 71. Qe5+ Kd7 72. Qd5+ Ke8 73. Qe5+ Kf8 74. Qh8+ Ke7 75. Qe5+ Kd8 76. Qd6+ Kc8 77. Qf8+ Kb7 78. Qxf7+ Kb6 79. Qxg6+ Qc6 80. Qb1+ Qb5 81. Qc1 Qc5+ 82. Qxc5+ Kxc5 83. g4 a4 84. g5 a3 85. Kf2 a2 86. Kg3 a1=Q 87. Kh4 Kd6 88. Kh5 Ke7 89. Kg6 Kf8 90. f5 Qg7+ 91. Kh5 Kf7 92. g6+ Kf6 93. Kg4 Qh6 94. Kf3 Kxf5 95. Kg3 Qxg6+ 0-1


[Site "https://www.chess.com"]

[Event "Titled Tuesday Blitz February 07 Late 2023"]
[White "Veiga, Jose Francisco R P Neves"]
[Black "Schroeder, Jan-Christian"]
[WhiteFideId "1930087"]
[BlackFideId "24662259"]
[WhiteElo "2406"]
[BlackElo "2553"]
[Result "0-1"]
[Round "11"]
[TimeControl "180+2"]
[Date "2023.02.07"]
[WhiteClock "0:01:13"]
[BlackClock "0:01:12"]

1. b3 c5 2. Bb2 b6 3. e4 Bb7 4. Nc3 Nc6 5. g3 Nf6 6. Bg2 d6 7. Nge2 e6 8. O-O g6 9. d4 cxd4 10. Nxd4 Nxd4 11. Qxd4 Bg7 12. Rad1 O-O 13. Rd3 Rc8 14. Qxd6 Qxd6 15. Rxd6 Nxe4 16. Nxe4 Bxb2 17. c4 Rc7 18. Rfd1 Bc8 19. Rd8 Ba3 20. Rxf8+ Bxf8 21. Rd8 Kg7 22. h4 Be7 23. Rd2 h6 24. Kf1 a6 25. Ke2 Bb7 26. Bf3 g5 27. hxg5 hxg5 28. Nd6 Bxf3+ 29. Kxf3 Rc6 30. Ne8+ Kf8 0-1


[Site "https://www.chess.com"]

[Event "Titled Tuesday Blitz February 07 Late 2023"]
[White "Yang, Qindong"]
[Black "Tanenbaum, Zachary"]
[WhiteFideId "8603758"]
[BlackFideId "2060850"]
[WhiteElo "2127"]
[BlackElo "2261"]
[Result "1-0"]
[Round "11"]
[TimeControl "180+2"]
[Date "2023.02.07"]
[WhiteClock "0:00:20"]
[BlackClock "0:00:01"]

1. d4 d5 2. c4 dxc4 3. e4 b5 4. a4 c6 5. b3 e5 6. Bb2 Nf6 7. axb5 Nxe4 8. Bxc4 Bb4+ 9. Kf1 O-O 10. Nf3 exd4 11. Qxd4 Qxd4 12. Nxd4 Rd8 13. f3 Nf6 14. bxc6 Re8 15. Bc3 Bc5 16. c7 Nbd7 17. Nd2 Bb6 18. Nb5 Re7 19. Bb4 Bc5 20. Bxc5 Nxc5 21. Kf2 Be6 22. Rhe1 Rd7 23. Bxe6 fxe6 24. Rxa7 Rc8 25. Nc4 Nd3+ 26. Ke2 Nxe1 27. Kxe1 Nd5 28. Ncd6 Rdxc7 29. Nxc7 Rb8 30. Nxe6 g6 31. Rg7+ Kh8 32. Nf7# 1-0


[Site "https://www.chess.com"]

[Event "Titled Tuesday Blitz February 07 Late 2023"]
[White "Leiva, Gianmarco"]
[Black "Danielyan, Vahe"]
[WhiteFideId "3804399"]
[BlackFideId "13304828"]
[WhiteElo "2392"]
[BlackElo "2346"]
[Result "0-1"]
[Round "11"]
[TimeControl "180+2"]
[Date "2023.02.07"]
[WhiteClock "0:00:01"]
[BlackClock "0:01:33"]

1. e4 c5 2. Nf3 d6 3. Bb5+ Nd7 4. O-O a6 5. Bd3 Ngf6 6. Re1 Rg8 7. Bf1 g5 8. g3 g4 9. Nh4 Ne5 10. Bg2 e6 11. d3 Be7 12. c3 Nh5 13. d4 cxd4 14. cxd4 Ng6 15. Qxg4 Bxh4 16. Qxh5 Bf6 17. Be3 Bd7 18. Nc3 Rc8 19. Rad1 b5 20. e5 Be7 21. Ne4 d5 22. Nd6+ Bxd6 23. exd6 Qf6 24. Bxd5 Rc2 25. Be4 Rxb2 26. Rc1 Rxa2 27. Rc7 Nf4 28. Qc5 Nh3+ 29. Kg2 Kf8 30. Rxd7 Nxf2 31. Bf3 Nd3+ 0-1


[Site "https://www.chess.com"]